 Dungeon Crawl Stone Soup version 0.30-a0-354-g6b83867211 (webtiles) character file.

Game seed: 15157440750356979106

62 noelster the Poker (level 4, -1/29 HPs)
             Began as a Tengu Berserker on Nov 8, 2022.
             Was a Believer of Trog.
             Slain by an orc
             ... wielding a +0 hand axe
              (5 damage)
             ... on level 2 of the Dungeon.
             The game lasted 00:17:43 (793 turns).

noelster the Poker (Tengu Berserker)                 Turns: 793, Time: 00:17:44

Health: -1/29      AC:  2    Str: 18    XL:     4   Next: 8%
Magic:  5/5        EV: 13    Int:  7    God:    Trog [**....]
Gold:   75         SH:  0    Dex: 15    Spells: 3/3 levels left

rFire   . . .      SeeInvis .    d - +0 dagger
rCold   . . .      Faith    .    (no shield)
rNeg    . . .      Spirit   .    b - +0 animal skin
rPois   .          Reflect  .    (helmet restricted)
rElec   .          Harm     .    (no cloak)
rCorr   .          Rampage  .    (no gloves)
Will    .....                    (boots unavailable)
Stlth   +.........               (no amulet)
HPRegen 0.24/turn                (no ring)
MPRegen 0.09/turn                (no ring)

@: no status effects
A: beak, talons 3
a: Renounce Religion, Berserk, Trog's Hand


You were on level 2 of the Dungeon.
You worshipped Trog.
Trog was pleased with you.
You visited 1 branch of the dungeon, and saw 3 of its levels.

You collected 75 gold pieces.

Inventory:

Hand Weapons
 a - a +0 spear
 d - a +0 dagger (weapon)
 h - a +0 club
 o - a +0 dagger
Missiles
 s - 3 stones (quivered)
Armour
 b - a +0 animal skin (worn)
 c - a +0 pair of boots
 e - a +0 leather armour
 r - a +2 helmet
Jewellery
 j - a ring of protection from cold
 n - an amulet of regeneration
 p - an amulet of faith
Scrolls
 f - a scroll of blinking {unknown}
 i - a scroll of silence {unknown}
 t - a scroll of brand weapon {unknown}
 u - a scroll of fog {unknown}
Potions
 g - a potion of resistance {unknown}
 k - a potion of curing {unknown}
 l - a potion of magic {unknown}
 m - a potion of attraction {unknown}
 q - a potion of invisibility {unknown}


   Skills:
 + Level 3.7 Fighting
 + Level 0.4 Short Blades
 + Level 4.1 Polearms
 + Level 2.4 Armour
 + Level 2.8 Dodging


You had 3 spell levels left.
You didn't know any spells.
Your spell library was empty.

Dungeon Overview and Level Annotations

Branches:
Dungeon (3/15)

Altars:
Fedhas

Annotations:
D:2 Natasha


Innate Abilities, Weirdness & Mutations

You have a beak for a mouth.
You have claws for feet.


Message History

The goblin unwields a +0 club.
The goblin wields a +2 vorpal sling.
The goblin shoots a sling bullet.
The sling bullet hits you.
You hear a shout! x2
You hit the ball python.
You kill the ball python!
Trog accepts your kill.
You hear a shout! x2
You hit the orc but do no damage. You claw the orc, but do no damage.
The orc closely misses you.
You hit the orc. You peck the orc, but do no damage.
The orc is lightly wounded.
The goblin unwields a +2 vorpal sling.
The goblin wields a +0 club.
The goblin hits you with a +0 club. The orc barely misses you.
You are too injured to fight recklessly!
The goblin attacks as you move away! The goblin misses you.
The goblin unwields a +0 club.
The goblin wields a +2 vorpal sling.
The goblin shoots a sling bullet.
The sling bullet misses you. The orc attacks as you move away!
The orc closely misses you.
There is a stone staircase leading up here.
You can't go down here!
The orc hits you but does no damage.
You climb upwards.
Level annotation: Natasha
There is a stone staircase leading down here.
You see here an adder corpse.
You hit the orc but do no damage. You claw the orc. Your peck misses the orc.
The orc is moderately wounded.
The orc hits you with a +0 hand axe.
You hit the orc but do no damage.
The orc is moderately wounded.
The orc hits you with a +0 hand axe.
* * * LOW HITPOINT WARNING * * *
An orc is nearby!
You start putting on your amulet.
You continue putting on your amulet of regeneration.
The orc hits you with a +0 hand axe.
Keep equipping yourself?
Uppercase [Y]es or [N]o only, please.
Keep equipping yourself?
You die...

## # ..# #.
#.# # #. #..
##.#.# #.# #
..... #.## .#
#..###..###.##
#..o@.........
#.###.....#.#
#........##.#
######......#
#. ##.#####
#.# #.# #.#
##'## #.#
##...## #.###
##..†..##


You could see an orc.

Vanquished Creatures
  3 adders (D:2)
  4 endoplasms
  2 giant cockroaches
  3 goblins
  3 hobgoblins
  2 quokkas
  6 ball pythons
  5 bats
  A frilled lizard (D:1)
  4 rats
33 creatures vanquished.

Notes
Turn   | Place    | Note
-------+----------+-------------------------------------------
     0 | D:1      | noelster the Tengu Berserker began the quest for the Orb.
     0 | D:1      | Reached XP level 1. HP: 14/14 MP: 2/2
    66 | D:1      | Reached XP level 2. HP: 19/19 MP: 3/3
   274 | D:2      | Reached XP level 3. HP: 7/23 MP: 4/4
   351 | D:2      | Found a blossoming altar of Fedhas.
   411 | D:2      | Noticed Natasha
   666 | D:2      | Reached ** piety under Trog
   717 | D:2      | Reached skill level 4 in Polearms
   774 | D:2      | Reached XP level 4. HP: 26/29 MP: 5/5
   793 | D:2      | Slain by an orc

Illustrated notes

Levels and vault maps discovered:
D:1:      shiori_arrival_maze, layout_basic
D:2:      layout_loops_corners, basic_altar, serial_shops, shop, uniq_natasha
D:3:      layout_basic, portal_sewer_entry_f,
          dreamdust_ecumenical_altar_drowned_temple, fountainhead

Skill      XL: |  1  2  3 |
---------------+----------+-----
Polearms       | 4 |  4.1
Fighting       | |  3.7
Short Blades   | |  0.4
Armour         | |  2.4
Dodging        | |  2.8

Action                   |  1- 3 |  4- 6 || total
-------------------------+-------+-------++-------
Melee: Spear             |    14 |       ||    14
       Kick              |    25 |     2 ||    27
       Peck              |    12 |     1 ||    13
       Dagger            |    66 |     6 ||    72
       Punch             |     2 |       ||     2
  Use: Scroll            |     1 |       ||     1
Armor: Animal skin       |    23 |     1 ||    24
Dodge: Dodged            |    79 |     7 ||    86

Table legend: (Time is in decaauts)
 A = Elapsed time spent in this place.
 B = Non-inter-level travel time spent in this place.
 C = Inter-level travel time spent in this place.
 D = Time resting spent in this place.
 E = Time spent auto-exploring this place.
 F = Levels seen in this place.
 G = Mean time per level.
                   A        B        C        D        E       F      G
               +--------+--------+--------+--------+--------+-----+--------+
         Total |    800 |    765 |     35 |     72 |      0 |   3 |  266.7 |
       Dungeon |    800 |    765 |     35 |     72 |      0 |   3 |  266.7 |
               +--------+--------+--------+--------+--------+-----+--------+

Top non-repeatable levels by time:
     D:2: 493 daAuts
     D:1: 294 daAuts
     D:3: 12 daAuts
